 Dungeon Crawl Stone Soup version 0.29.1-2-gbd0b4ee654 (webtiles) character file.

Game seed: 13056490411981411099

131 qeuew the Ducker (level 4, -2/34 HPs)
             Began as a Demonspawn Gladiator on Nov 10, 2022.
             Slain by an orc priest
             ... wielding a +0 mace
              (4 damage)
             ... on level 3 of the Dungeon.
             The game lasted 00:02:00 (2737 turns).

qeuew the Ducker (Demonspawn Gladiator)             Turns: 2737, Time: 00:02:01

Health: -2/34      AC:  6    Str: 16    XL:     4   Next: 91%
Magic:  4/4        EV: 12    Int: 10    God:
Gold:   179        SH:  0    Dex: 14    Spells: 3/3 levels left

rFire   . . .      SeeInvis .   a - +0 war axe
rCold   . . .      Faith    .   (no shield)
rNeg    + . .      Spirit   .   b - +0 leather armour
rPois   .          Reflect  .   c - +0 helmet
rElec   .          Harm     .   (no cloak)
rCorr   .          Rampage  .   (no gloves)
Will    .....                   (no boots)
Stlth   +.........              (no amulet)
HPRegen 0.11/turn               j - ring of positive energy
MPRegen 0.09/turn               (no ring)

@: no status effects
A: claws 1, icy blue scales 1
a: no special abilities


You were on level 3 of the Dungeon.
You visited 1 branch of the dungeon, and saw 3 of its levels.

You collected 179 gold pieces.

Inventory:

Hand Weapons
 a - a +0 war axe (weapon)
Missiles
 d - 3 throwing nets (quivered)
 e - a javelin
Armour
 b - a +0 leather armour (worn)
 c - a +0 helmet (worn)
Jewellery
 j - a ring of positive energy (left claw)
Wands
 f - a wand of polymorph (8)
Scrolls
 h - a scroll of fog
 i - a scroll of enchant armour {unknown}
 m - a scroll of identify
 o - 2 scrolls of blinking {unknown}
 p - a scroll of noise {unknown}
Potions
 g - 2 potions of brilliance
 k - a potion of heal wounds
 l - a potion of curing {unknown}
 n - a potion of flight {unknown}


   Skills:
 + Level 2.8 Fighting
 + Level 3.3 Axes
 + Level 2.5 Throwing
 + Level 1.6 Armour
 + Level 3.3 Dodging


You had 3 spell levels left.
You didn't know any spells.
Your spell library contained the following spells:

 Spells                   Type           Power      Damage    Failure   Level
 Blink                    Tloc           0%         N/A       56%         2
 Gell's Gravitas          Tloc           0%         N/A       80%         3
 Lesser Beckoning         Tloc           0%         N/A       80%         3
 Portal Projectile        Hex/Tloc       0%         N/A       80%         3
 Teleport Other           Tloc           0%         N/A       80%         3
 Tukima's Dance           Hex            0%         N/A       80%         3
 Blade Hands              Tmut           0%         N/A       100%        5
 Irradiate                Conj/Tmut      0%         3d11      100%        5
 Manifold Assault         Tloc           0%         N/A       100%        5
 Dragon Form              Tmut           0%         N/A       100%        7


Dungeon Overview and Level Annotations

Branches:
Dungeon (3/15)

Altars:
Okawaru


Innate Abilities, Weirdness & Mutations

You have sharp fingernails.
You are partially covered in icy blue scales. (AC +2)


Message History

You barely miss the orc priest. You hit the orc. You slash the orc!
You kill the orc!
The orc priest calls upon Beogh to heal the orc priest.
The orc priest's wounds heal themselves!
The orc barely misses you.
You barely miss the orc.
The orc is lightly wounded.
You hit the orc priest. x2; The orc priest hits you with a +0 mace.
The orc misses you.
The orc priest hits you but does no damage.
The orc priest misses you.
The orc priest calls down the wrath of Beogh upon you.
Pain shoots through your body! The orc barely misses you.
You barely miss the orc priest.
The orc priest is lightly wounded.
You barely miss the orc. You slash the orc priest!
The orc priest hits you with a +0 mace. The orc hits you but does no damage.
The orc priest barely misses you.
You closely miss the orc priest.
The orc priest is lightly wounded.
You completely miss the orc. You slash the orc priest!
You kill the orc priest!
The orc priest hits you with a +0 mace.
* * * LOW HITPOINT WARNING * * *
The orc barely misses you.
You slash the orc priest!
The orc priest is heavily wounded.
You hit the orc. x2
You kill the orc!
The orc priest hits you with a +0 mace.
* * * LOW HITPOINT WARNING * * *
The orc closely misses you.
You hit the orc priest.
The orc priest is heavily wounded.
You slash the orc!
You kill the orc!
The orc priest hits you with a +0 mace.
* * * LOW HITPOINT WARNING * * *
The orc priest hits you with a +0 mace.
You die...

#.............<...#..#.# #.##.
#.............#.[.#.##.# #.##.
#....................#.# #.##.
###.....#..............#.# #.##.
........+.##.##..........####.##.
..#.....###...###.............###
..#.....##.....##..#.#...........
...######......)####.#.##########
.#.........._..o@..#.#.#.........
.#.######......)##.#.#...........
.#.# #.....# #.#.###.#######.
...#### ##...####.#.###.# #.
....... ##.##....)....># #.
)#.#### #..............# #. ####
#.#.####.#.#...#######. #8## #
#.####.#.#........... ...##
#......#.#...#######)


You could see an orc priest.

Vanquished Creatures
  2 orc priests (D:3)
  A dart slug (D:1)
  11 orcs (D:3)
  5 ball pythons
  6 bats
  5 endoplasms
  A giant cockroach (D:3)
  5 goblins
  5 hobgoblins
  3 jackals (D:1)
  A quokka (D:1)
  2 frilled lizards
  8 kobolds
  5 rats
60 creatures vanquished.

Notes
Turn   | Place    | Note
-------+----------+-------------------------------------------
     0 | D:1      | qeuew the Demonspawn Gladiator began the quest for the Orb.
     0 | D:1      | Reached XP level 1. HP: 16/16 MP: 1/1
   127 | D:1      | Gained mutation: You have sharp fingernails. [demonic
                  | ancestry]
   127 | D:1      | Reached XP level 2. HP: 22/22 MP: 2/2
  1036 | D:1      | Gained mutation: You are partially covered in icy blue
                  | scales. (AC +2) [demonic ancestry]
  1036 | D:1      | Reached XP level 3. HP: 28/28 MP: 3/3
  1150 | D:1      | Found a faded altar of an unknown god.
  1222 | D:1      | Reached skill level 1 in Armour
  2176 | D:3      | Reached XP level 4. HP: 17/34 MP: 4/4
  2728 | D:3      | Found an iron altar of Okawaru.
  2737 | D:3      | Slain by an orc priest

Illustrated notes

Levels and vault maps discovered:
D:1:      nzn_arrival_depleted_hourglass, layout_basic, serial_corexii_hall,
          corexii_hall_statues_deadend, chequers_hall_statues_wall_a,
          corexii_hall_statues_t, chequers_hall_statues_y,
          hellmonk_ecumenical_altar_prayer_group, kennysheep_flooded_box
D:2:      layout_basic
D:3:      layout_basic, lemuel_round_altar, serial_corexii_hall,
          corexii_hall_statues_x, chequers_hall_statues_y,
          corexii_hall_statues_i, chequers_serial_rivers_micro_e

Skill      XL: |  1  2  3 |
---------------+----------+-----
Throwing       | 2 |  2.5
Axes           | 3 |  3.3
Dodging        | 3 |  3.3
Armour         | 1 |  1.6
Fighting       | |  2.8

Action                   |  1- 3 |  4- 6 || total
-------------------------+-------+-------++-------
Melee: War axe           |   108 |    35 ||   143
       Punch             |       |     1 ||     1
  Use: Scroll            |     4 |       ||     4
       Potion            |     1 |       ||     1
 Stab: Sleeping          |     1 |     1 ||     2
Armor: Leather armour    |    48 |    12 ||    60
Dodge: Dodged            |    83 |    21 ||   104
